 Dungeon Crawl Stone Soup version 0.22-a0-247-gbddf880 (webtiles) character file.

214 Firecrotchwizard the Sneak (level 5, 0/28 HPs)
             Began as a Vine Stalker Assassin on Feb 25, 2018.
             Was a Follower of Dithmenos.
             Succumbed to a worker ant's poison
             ... on level 4 of the Dungeon.
             The game lasted 00:06:53 (3107 turns).

Firecrotchwizard the Sneak (Vine Stalker Assassin)  Turns: 3107, Time: 00:06:54

Health: 0/28       AC:  6    Str: 13    XL:     5   Next: 92%
Magic:  1/6        EV: 10    Int: 11    God:    Dithmenos [*.....]
Gold:   163        SH:  0    Dex: 17    Spells: 4/4 levels left

rFire    . . .     SeeInvis .   a - +2 dagger
rCold    . . .     Gourm    .   (no shield)
rNeg     . . .     Faith    .   j - +0 ring mail
rPois    .         Spirit   +   (no helmet)
rElec    .         Reflect  .   d - +0 cloak
rCorr    .         Harm     .   (no gloves)
MR       .....                  (no boots)
Stlth    +++.......             (no amulet)
HPRegen  0.49/turn              (no ring)
MPRegen  0.10/turn              (no ring)

@: lethally poisoned (0 -> -1), wreathed by umbra
A: fangs 2, regeneration 1, magic shield, antimagic bite, no potion heal 3, rot
immunity
a: Renounce Religion


You were on level 4 of the Dungeon.
You worshipped Dithmenos.
Dithmenos was aware of your devotion.
You were not hungry.

You visited 1 branch of the dungeon, and saw 4 of its levels.

You collected 163 gold pieces.

Inventory:

Hand Weapons
 a - a +2 dagger (weapon)
 b - a +0 blowgun
Missiles
 e - 8 poisoned needles
 f - 9 curare-tipped needles
 x - 2 throwing nets {=f, !d}
Armour
 c - a +0 robe
 d - a +0 cloak (worn)
 j - a +0 ring mail (worn)
   (You found it on level 1 of the Dungeon)
Scrolls
 i - 2 scrolls of fog {unknown}
 k - a scroll of remove curse {unknown}
 l - a scroll of fear {unknown}
 n - 4 scrolls of identify {unknown}
 t - 2 scrolls of amnesia {unknown}
 v - a scroll of magic mapping {unknown}
 w - a scroll of teleportation {unknown}
 y - a scroll of random uselessness {unknown}
Potions
 h - a potion of curing {unknown}
 m - 3 potions of flight {unknown}
 o - a potion of mutation {unknown}
 q - a potion of brilliance {unknown}
 r - a potion of magic {unknown}
 s - a potion of lignification {unknown}
 u - a potion of heal wounds {unknown}
Comestibles
 g - 5 rations {@e1}
 p - a chunk of flesh {@w0}


   Skills:
 + Level 3.0 Fighting
 * Level 4.0 Short Blades
 - Level 1.7 Throwing
 - Level 0.7 Dodging
 + Level 6.1 Stealth


You had 4 spell levels left.
You didn't know any spells.

Dungeon Overview and Level Annotations

Branches:
Dungeon (4/15)             Temple (0/1) D:4

Altars:
Cheibriados
Dithmenos

Annotations:
D:2 exclusion: adder
D:3 Bigslacks's ghost, amateur MiFi


Innate Abilities, Weirdness & Mutations

You have extremely sharp teeth.
Your natural rate of healing is unusually fast.
When hurt, damage is shared between your health and your magic reserves.
Your bite disrupts and absorbs the magic of your enemies.
Potions cannot restore your health.
You are immune to rotting.


Message History

The worker ant closely misses you.
You hit the worker ant.
You bite the worker ant, but do no damage.
You feel sick. The worker ant closely misses you.
You take 1 damage, and have 20/28 hp.
You hit the worker ant. The worker ant barely misses you.
You hit the worker ant but do no damage.
Your bite misses the worker ant.
The worker ant bites you but does no damage.
You hit the worker ant.
You bite the worker ant, but do no damage.
The worker ant closely misses you.
You barely miss the worker ant.
You bite the worker ant, but do no damage.
You feel sick. The worker ant bites you.
You take 3 damage, and have 18/28 hp.
You now have 5/6 mp.
You are too injured to fight recklessly!
You are too injured to fight recklessly!
You are too injured to fight recklessly!
Your ring mail prevents you from hitting the worker ant.
You bite the worker ant. You drain its power.
You feel invigorated. The worker ant bites you.
You take 2 damage, and have 16/28 hp.
You closely miss the worker ant.
The worker ant waves its antennae.
The worker ant closely misses you.
You closely miss the worker ant. The worker ant closely misses you.
You closely miss the worker ant. The worker ant completely misses you.
You closely miss the worker ant.
You feel sick.
The worker ant bites you but does no damage.
You hit the worker ant but do no damage.
You hit the worker ant. The worker ant closely misses you.
You hit the worker ant. The worker ant bites you.
You are more poisoned.
The worker ant poisons you!
You now have 4/6 mp.
You hit the worker ant but do no damage.
You kill the worker ant!
Dithmenos accepts your kill.
Your Fighting skill increases to level 3!
Your Short Blades skill increases to level 4!
You feel sick.
You take 1 damage, and have 16/28 hp.
You hit the worker ant.
You feel sick.
The worker ant bites you but does no damage.
You hit the worker ant. Your bite misses the worker ant.
The worker ant bites you but does no damage.
You hit the worker ant but do no damage.
You feel sick. The worker ant bites you.
You are more poisoned.
The worker ant poisons you!
You take 2 damage, and have 14/28 hp.
You hit the worker ant but do no damage.
You bite the worker ant, but do no damage.
You feel sick. The worker ant closely misses you.
You hit the worker ant but do no damage.
You feel sick. The worker ant barely misses you.
You take 1 damage, and have 13/28 hp.
You hit the worker ant but do no damage.
Your bite misses the worker ant.
You feel sick. The worker ant barely misses you.
You take 1 damage, and have 12/28 hp.
You closely miss the worker ant. Your bite misses the worker ant.
You feel sick.
The worker ant bites you but does no damage.
You barely miss the worker ant.
You bite the worker ant, but do no damage.
You feel sick. The worker ant bites you.
* * * LOW HITPOINT WARNING * * *
You take 5 damage, and have 7/28 hp.
You now have 3/6 mp.
You hit the worker ant but do no damage.
You bite the worker ant. You drain its power.
You feel invigorated.
You feel sick. The worker ant bites you.
* * * LOW HITPOINT WARNING * * *
You take 2 damage, and have 5/28 hp.
You hit the worker ant but do no damage.
You feel sick.
The worker ant bites you but does no damage.
You take 1 damage, and have 4/28 hp.
You hit the worker ant but do no damage.
The worker ant bites you.
* * * LOW HITPOINT WARNING * * *
You take 2 damage, and have 2/28 hp.
You now have 3/6 mp.
You hit the worker ant.
* * * LOW HITPOINT WARNING * * *
You feel sick. The worker ant closely misses you.
You barely miss the worker ant.
You bite the worker ant, but do no damage.
* * * LOW HITPOINT WARNING * * *
You feel sick. The worker ant bites you.
You take 1 damage, and have 1/28 hp.
You now have 2/6 mp.
You hit the worker ant but do no damage.
The worker ant closely misses you.
You hit the worker ant but do no damage.
You bite the worker ant, but do no damage.
* * * LOW HITPOINT WARNING * * *
You feel sick. The worker ant bites you.
You take 1 damage, and have 1/28 hp.
You now have 1/6 mp.
You closely miss the worker ant. Your bite misses the worker ant.
You die...

#.#......##...####.#
..............#....#
....##.#.#####.....#
.... #..(#...#.....#
..# #...#.>.#.....#
....#...#.....#
#.#.#.....# # .
#.....# .> ##@####
#. #a######## ###
#.........
#..##....)....
#..##.........
#..##.........
#..###.(......
#..##.........
#.............


You could see a worker ant.

Vanquished Creatures
  An orc priest (D:3)
  A worker ant (D:4)
  7 gnolls (D:3)
  An ooze (D:2)
  2 worms (D:2)
  2 dart slugs (D:1)
  4 leopard geckos
  4 orcs (D:3)
  4 giant cockroaches
  11 hobgoblins
  6 jackals (D:2)
  4 quokkas
  A ball python (D:3)
  7 bats
  3 frilled lizards
  4 goblins
  5 kobolds
  7 rats
74 creatures vanquished.

Notes
Turn   | Place    | Note
-------+----------+-------------------------------------------
     0 | D:1      | Firecrotchwizard the Vine Stalker Assassin began the quest for the Orb.
     0 | D:1      | Reached XP level 1. HP: 11/11 MP: 2/2
   108 | D:1      | Reached skill level 2 in Short Blades
   178 | D:1      | Reached skill level 5 in Stealth
   178 | D:1      | Reached XP level 2. HP: 15/15 MP: 3/3
   246 | D:1      | Reached skill level 2 in Fighting
   809 | D:1      | Reached XP level 3. HP: 18/18 MP: 4/4
  1154 | D:2      | Found a shadowy altar of Dithmenos.
  1169 | D:2      | Became a worshipper of Dithmenos the Shadowed
  1354 | D:2      | HP: 3/19 [hobgoblin/club (3)]
  1358 | D:2      | HP: 1/19 [kobold/short sword (2)]
  1623 | D:2      | Gained mutation: Your natural rate of healing is unusually fast. [Vine Stalker growth]
  1623 | D:2      | Reached XP level 4. HP: 20/23 MP: 5/5
  1694 | D:2      | Reached skill level 3 in Short Blades
  2045 | D:3      | Noticed Bigslacks's ghost (amateur MiFi)
  2281 | D:3      | Found a snail-covered altar of Cheibriados.
  2313 | D:3      | Reached * piety under Dithmenos
  2331 | D:3      | Reached XP level 5. HP: 13/27 MP: 1/6
  2631 | D:3      | Reached skill level 6 in Stealth
  3048 | D:4      | Found a staircase to the Ecumenical Temple.
  3091 | D:4      | Reached skill level 3 in Fighting
  3091 | D:4      | Reached skill level 4 in Short Blades
  3099 | D:4      | HP: 7/28 [worker ant (4)]
  3102 | D:4      | HP: 2/28 [worker ant (2)]
  3107 | D:4      | Succumbed to a worker ant's poison

Vault maps used:
D:1:      lemuel_arrival_behind_the_door_large
D:2:      grunt_dithmenos_smoke
D:3:      nicolae_overflow_crystal_walls, first_ration, kennysheep_nondescript
D:4:      minmay_wonky_spiral, minmay_temple_entry_from_below_a

Skill      XL: |  1  2  3  4  5 |
---------------+----------------+-----
Short Blades   | 2 3 4 |  4.0
Stealth        | 5 6 |  6.1
Fighting       | 2 3 |  3.0
Throwing       | |  1.7
Dodging        | |  0.7

Action                   |  1- 3 |  4- 6 || total
-------------------------+-------+-------++-------
Melee: Dagger            |   109 |   155 ||   264
       Bite              |    26 |    43 ||    69
 Fire: Blowgun           |       |     3 ||     3
 Stab: Sleeping          |    10 |     4 ||    14
       Distracted        |     1 |       ||     1
  Eat: Chunk             |     2 |     5 ||     7
Armor: Robe              |    22 |     4 ||    26
       Ring mail         |       |    30 ||    30
Dodge: Dodged            |    60 |    74 ||   134

Table legend:
 A = Spawn XP
 B = Non-spawn XP
 C = Spawn XP percentage of total XP
 D = Spawn monster count
 E = Non-spawn monster count
 F = Spawn count percentage of total count
 G = Total turns spent on level
                    A         B        C        D         E        F      G
               +---------+---------+-------+---------+---------+-------+---------
         Total |       0 |     307 |   0.0 |       0 |      74 |   0.0 |  3107
               +---------+---------+-------+---------+---------+-------+---------
           D:1 |       0 |      38 |   0.0 |       0 |      22 |   0.0 |  1009
           D:2 |       0 |      56 |   0.0 |       0 |      25 |   0.0 |  1103
           D:3 |       0 |     178 |   0.0 |       0 |      25 |   0.0 |   912
           D:4 |       0 |      35 |   0.0 |       0 |       2 |   0.0 |    83
               +---------+---------+-------+---------+---------+-------+---------

Vault maps used:
D:1:      lemuel_arrival_behind_the_door_large
D:2:      grunt_dithmenos_smoke
D:3:      nicolae_overflow_crystal_walls, first_ration, kennysheep_nondescript
D:4:      minmay_wonky_spiral, minmay_temple_entry_from_below_a

Table legend:
 A = Turns spent in this place as a percentage of turns spent in the entire game.
 B = Non-inter-level travel turns spent in this place as a percentage of non-inter-level travel turns spent in the entire game.
 C = Inter-level travel turns spent in this place as a percentage of turns spent in this place.
 D = Turns resting spent in this place as a percentage of non-inter-level travel turns spent in this place.
 E = Turns spent auto-exploring this place as a percentage of non-inter-level travel turns spent in this place.
 F = Non-inter-level travel turns spent in this place divided by the number of levels of this place that you've seen.
                   A       B       C       D       E      F
               +-------+-------+-------+-------+-------+----------------------
         Total | 100.0 | 100.0 |   5.2 |  23.2 |  53.2 | 736.0
       Dungeon | 100.0 | 100.0 |   5.2 |  23.2 |  53.2 | 736.0
               +-------+-------+-------+-------+-------+----------------------

Table legend:
 A = Kills in this place as a percentage of kills in entire the game.
 B = Kills by you in this place as a percentage of kills by you in the entire game.
 C = Kills by friends in this place as a percentage of kills by friends in the entire game.
 D = Other kills in this place as a percentage of other kills in the entire game.
 E = Experience gained in this place as a percentage of experience gained in the entire game.
 F = Experience gained in this place divided by the number of levels of this place that you have seen.
                   A       B       C       D       E      F
               +-------+-------+-------+-------+-------+----------------------
         Total | 100.0 | 100.0 |   N/A |   N/A | 100.0 |  76.8
       Dungeon | 100.0 | 100.0 |   N/A |   N/A | 100.0 |  76.8
               +-------+-------+-------+-------+-------+----------------------
